 Dungeon Crawl Stone Soup version 0.27.1-34-g3ba077fa99 (webtiles) character file.

Game seed: 3479584577634854735

1306 raph the Reanimator (level 8, -2/69 HPs)
             Began as a Deep Dwarf Necromancer on Jan 2, 2022.
             Slain by a troll (15 damage)
             ... on level 4 of the Dungeon.
             The game lasted 00:15:43 (9086 turns).

raph the Reanimator (Deep Dwarf Necromancer)        Turns: 9086, Time: 00:15:43

Health: -2/69      AC:  3    Str: 12    XL:     8   Next: 32%
Magic:  10/14      EV: 12    Int: 22    God:
Gold:   285        SH:  0    Dex: 13    Spells: 7/15 levels left

rFire    . . .     SeeInvis .   u - +8 long sword "Doum" {vorpal, Int+4}
rCold    . . .     Faith    .   (no shield)
rNeg     . . .     Spirit   .   a - +0 robe
rPois    .         Reflect  .   (no helmet)
rElec    .         Harm     .   (no cloak)
rCorr    .         Rampage  .   q - +0 pair of gloves
Will     +....                  (no boots)
Stlth    +++.......             y - amulet of magic regeneration
HPRegen  0.00/turn              (no ring)
MPRegen  0.39/turn              (no ring)

@: hasted, very quick
A: damage resistance, heal wounds, sense surroundings 1, no regeneration
a: Heal Wounds


You were on level 4 of the Dungeon.
You visited 1 branch of the dungeon, and saw 6 of its levels.

You collected 285 gold pieces.

Inventory:

Hand Weapons
 c - a +0 dagger
 i - a +2 mace of holy wrath
 n - a +0 war axe
 r - a +3 flail of holy wrath
 u - the +8 long sword "Doum" (weapon) {vorpal, Int+4}
   (You found it on level 4 of the Dungeon)

   It inflicts extra damage upon your enemies.
   Int:       It affects your intelligence (+4).
Missiles
 f - 110 stones
Armour
 a - a +0 robe (worn)
 q - a +0 pair of gloves (worn)
 s - a +0 buckler
Magical Staves
 o - a staff of earth
Jewellery
 b - a +6 ring of intelligence
 g - a ring of fire
 l - a +6 ring of intelligence
 y - an amulet of magic regeneration (around neck)
Wands
 k - a wand of flame (19)
 t - a wand of charming (11)
 w - a wand of polymorph (8)
Potions
 d - a potion of haste
 e - 5 potions of curing
 h - a potion of mutation
 j - a potion of heal wounds {unknown}
 m - 2 potions of attraction {unknown}
 p - a potion of brilliance {unknown}
 v - a potion of magic {unknown}
 x - a potion of lignification {unknown}
 z - 2 potions of flight {unknown}


   Skills:
 + Level 3.0 Fighting
 - Level 2.1 Dodging
 + Level 5.1 Stealth
 + Level 4.4 Spellcasting
 + Level 8.2 Necromancy
 + Level 4.4 Earth Magic


You had 7 spell levels left.
You knew the following spells:

 Your Spells              Type           Power      Damage    Failure   Level
a - Pain                  Necr           100%       1d9       1%          1
b - Animate Skeleton      Necr           82%        N/A       1%          1
c - Vampiric Draining     Necr           20%        2d8       1%          3
d - Stone Arrow           Conj/Erth      28%        3d8       13%         3

Your spell library contained the following spells:

 Spells                   Type           Power      Damage    Failure   Level
 Sublimation of Blood     Necr           20%        N/A       1%          2
 Animate Dead             Necr           20%        N/A       3%          4
 Agony                    Necr           41%        N/A       10%         5
 Apportation              Tloc           8%         N/A       11%         1
 Corona                   Hex            4%         N/A       11%         1
 Summon Small Mammal      Summ           16%        N/A       11%         1
 Petrify                  Tmut/Erth      14%        N/A       41%         4
 Bolt of Magma            Conj/Fire/Erth 5%         4d5       86%         5
 Irradiate                Conj/Tmut      2%         3d14      96%         5
 Shatter                  Erth           12%        3d13*     100%        9


Dungeon Overview and Level Annotations

Branches:
Dungeon (6/15)
 Temple: D:4-7

Altars:
Elyvilon

Annotations:
D:3 castle


Innate Abilities, Weirdness & Mutations

You are resistant to damage.
You can heal yourself by infusing magical energy.
You passively map a small area around you.
You do not regenerate.


Message History

Aim: a troll (lightly wounded)
You draw life force from the troll!
You feel life coursing into your body. The troll bites you!
The troll claws you. The troll claws you but does no damage.
Casting: Vampiric Draining (safe; 1% risk of failure)
Confirm with . or Enter, or press ? or * to list all spells.
Aiming: Vampiric Draining (safe; 1% risk of failure)
Press: ? - help, Shift-Dir - straight line, f/p - troll
Aim: a troll (lightly wounded)
You draw life force from the troll!
You feel life coursing into your body. The troll bites you!
* * * LOW HITPOINT WARNING * * *
The troll closely misses you. The troll claws you!
* * * LOW HITPOINT WARNING * * *
You aren't carrying any scrolls.
The orc shoots a stone.
The stone barely misses you.
Things that are here:
a +1 dagger of freezing; a +0 leather armour You see here a +0 spear.
You see here a +0 halberd.
You see here a +0 giant club.
There is a stone staircase leading down here.
There is a stone staircase leading up here.
The troll bites you. The troll misses you. The troll claws you.
* * * LOW HITPOINT WARNING * * *
You climb upwards.
There is a stone staircase leading down here.
Okay, then.
You feel yourself speed up. The troll closely misses you. The troll claws you.
* * * LOW HITPOINT WARNING * * *
The troll claws you.
* * * LOW HITPOINT WARNING * * *
Casting: Vampiric Draining (safe; 1% risk of failure)
Confirm with . or Enter, or press ? or * to list all spells.
Aiming: Vampiric Draining (safe; 1% risk of failure)
Press: ? - help, Shift-Dir - straight line, f - troll
Aim: a troll You draw life force from the troll!
You feel life coursing into your body. The troll bites you!
You die...

#.#######.#..........
#######.........###########
#..........................
#.#####..#.................
#.# #...#.###..........#..
#.# #.......#.###......#.#
#.# ##...#.#.#.# #.##...#.#
#.# #...^#T#...# #.##.#.#.#
#.# #.#..#@#######.##.#.#..
#.# #.#..#..........#.#.###
#.# #.#..############.#....
#.# #.#.............#.#.###
#.# #.##.##########.#<###
#.# #.............#.#.# #.#
####.########.#.#.##### #.#
#.# #.#.#...... #.# #.#
#.#.#######


You could see a troll.

Vanquished Creatures
  Menkaure (D:5)
  Duvessa (D:5)
  A black bear (D:5)
  An ogre (D:5)
  A kobold brigand (D:4)
  A bullfrog (D:4)
  A scorpion (D:4)
  Dowan (D:5)
  A water moccasin skeleton (D:5)
  A howler monkey (D:3)
  A hound (D:5)
  A centaur zombie (D:5)
  A jelly (D:4)
  2 orc priests (D:3)
  A bullfrog skeleton (D:4)
  A centaur skeleton (D:5)
  Ijyb (D:5)
  3 iguanas
  6 gnolls
  2 howler monkey skeletons (D:5)
  4 adders
  2 dart slugs
  16 orcs
  2 bats
  3 endoplasms
  2 giant cockroaches
  4 hobgoblins
  24 jackals
  7 quokkas
  7 ball pythons
  2 frilled lizards
  5 goblins
  3 kobolds
  6 rats
116 creatures vanquished.

Vanquished Creatures (collateral kills)
  A centaur zombie (D:5)
  3 gnolls (D:5)
  A jackal (D:4)
5 creatures vanquished.

Vanquished Creatures (others)
  Jessica (D:3)
  A jackal (D:3)
  5 plants (D:3)
7 creatures vanquished.

Grand Total: 128 creatures vanquished

Notes
Turn   | Place    | Note
-------+----------+-------------------------------------------
     0 | D:1      | raph the Deep Dwarf Necromancer began the quest for the
                  | Orb.
     0 | D:1      | Reached XP level 1. HP: 15/15 MP: 3/3
     9 | D:1      | Learned a level 1 spell: Animate Skeleton
   735 | D:1      | Reached XP level 2. HP: 7/22 MP: 2/4
  1070 | D:1      | Reached skill level 5 in Necromancy
  1531 | D:1      | Reached XP level 3. HP: 9/28 MP: 2/5
  1535 | D:1      | Learned a level 3 spell: Vampiric Draining
  3011 | D:2      | Reached skill level 6 in Necromancy
  3783 | D:3      | Reached XP level 4. HP: 36/36 MP: 2/6
  4704 | D:3      | Killed Jessica
  4976 | D:3      | Reached XP level 5. HP: 42/42 MP: 5/8
  5400 | D:3      | Reached skill level 7 in Necromancy
  5829 | D:4      | Reached XP level 6. HP: 39/49 MP: 3/10
  5833 | D:4      | Learned a level 3 spell: Stone Arrow
  6148 | D:4      | Found a white marble altar of Elyvilon.
  6435 | D:4      | Identified the +8 long sword "Doum" {vorpal, Int+4}
  6889 | D:4      | Reached skill level 1 in Fighting
  6889 | D:4      | Reached skill level 1 in Earth Magic
  7514 | D:4      | Reached XP level 7. HP: 57/57 MP: 12/12
  7920 | D:5      | Entered Level 5 of the Dungeon
  8184 | D:5      | Noticed Menkaure
  8189 | D:5      | Killed Menkaure
  8261 | D:5      | Noticed Duvessa
  8261 | D:5      | Noticed Dowan
  8295 | D:5      | Noticed Ijyb
  8394 | D:5      | Killed Ijyb
  8553 | D:5      | Reached skill level 8 in Necromancy
  8553 | D:5      | Reached XP level 8. HP: 64/68 MP: 9/14
  8709 | D:5      | Killed Dowan
  9004 | D:5      | Reached skill level 5 in Stealth
  9015 | D:5      | Noticed a troll
  9030 | D:5      | Killed Duvessa
  9086 | D:4      | Slain by a troll

Illustrated notes

Levels and vault maps discovered:
D:1:      dpeg_arrival_renting, layout_basic
D:2:      layout_basic, amcnicky_mini_rare_corridor_liquid
D:3:      lemuel_castle_with_subvaults [lemuel_castle_interior_carwin_3],
          layout_loops_ring, shapermc_ecumenical_altar_mp_vishouse,
          minmay_door_square, lemuel_old_faithful, uniq_jessica
D:4:      layout_basic, elyvilon_altar_1
D:5:      layout_rooms, uniq_duvessa, uniq_ijyb, uniq_menkaure
D:6:      layout_basic, temple_hall

Skill      XL: |  1  2  3  4  5  6  7  8 |
---------------+-------------------------+-----
Necromancy     | 5 6 7 8 |  8.2
Spellcasting   | 2 3 4 |  4.4
Fighting       | 1 2 3 |  3.0
Earth Magic    | 2 3 4 |  4.4
Stealth        | 3 4 5 |  5.1
Dodging        | |  2.1

Action                   |  1- 3 |  4- 6 |  7- 9 || total
-------------------------+-------+-------+-------++-------
Melee: Dagger            |    16 |       |       ||    16
       Mace              |     2 |     5 |       ||     7
       Long sword        |       |     7 |    22 ||    29
Throw: Stone             |     2 |       |       ||     2
 Cast: Pain              |    60 |   107 |    21 ||   188
       Vampiric Draining |    18 |    19 |    18 ||    55
       Animate Skeleton  |     5 |     9 |     3 ||    17
       Stone Arrow       |       |       |     4 ||     4
 Abil: Heal Wounds       |       |       |     1 ||     1
  Use: Scroll            |     3 |     4 |     1 ||     8
       Potion            |       |       |     1 ||     1
 Stab: Sleeping          |       |       |     1 ||     1
Armor: Robe              |    12 |     8 |    12 ||    32
Dodge: Dodged            |    52 |    31 |    42 ||   125
       Rpst.: Long sword |       |    10 |     8 ||    18
